 Dungeon Crawl Stone Soup version 0.17.2-1-ge4368a0 (webtiles) character file.

341 Goblin1989 the Ducker (level 6, -6/30 HPs)
             Began as a Spriggan Gladiator on Aug 19, 2016.
             Was an Initiate of Ashenzari.
             Shot with an arrow by a centaur (16 damage)
             ... on level 4 of the Dungeon.
             The game lasted 00:15:10 (1724 turns).

Goblin1989 the Ducker (Spriggan Gladiator)          Turns: 1724, Time: 00:15:10

Health: -6/30      AC:  2    Str: 11      XL:     6   Next: 30%
Magic:  7/7        EV: 21    Int: 10      God:    Ashenzari [......]
Gold:   138        SH:  0    Dex: 15 (18) Spells: 0 memorised, 5 levels left

rFire  . . .     SeeInvis +     a - +0 rapier (curse)
rCold  . . .     Clarity  .     b - +0 robe (curse)
rNeg   . . .     SustAt   .     (shield restricted)
rPois  .         Gourm    .     c - +0 hat (curse)
rElec  .         Spirit   .     (no cloak)
rCorr  .         Warding  .     (gloves unavailable)
rMut   .         Stasis   .     (boots unavailable)
MR     +....                    (no amulet)
Stlth  +++.......               (no ring)
                                (no ring)

@: very slightly contaminated, very quick, somewhat resistant to hostile
enchantments, fairly stealthy
A: unfitting armour, see invisible, herbivore 3, speed 3, slow metabolism 2
a: Renounce Religion


You were on level 4 of the Dungeon.
You worshipped Ashenzari.
Ashenzari was noncommittal.
You were completely stuffed.

You visited 1 branch of the dungeon, and saw 4 of its levels.

You collected 138 gold pieces.

Inventory:

Hand Weapons
 a - a cursed +0 rapier (weapon)
Missiles
 d - 2 throwing nets (quivered)
 f - 121 stones
Armour
 b - a cursed +0 robe (worn)
 c - a cursed +0 hat (worn)
Wands
 i - a wand of slowing (26)
Scrolls
 g - 3 scrolls of identify {unknown}
 h - a scroll of amnesia {unknown}
 m - 2 scrolls of curse jewellery
 n - a scroll of curse weapon
 o - a scroll of remove curse
Potions
 k - a potion of agility {unknown}
 p - a potion of haste
Comestibles
 e - 2 bread rations
 j - 2 fruits


   Skills:
 - Level 1.7 Fighting
 * Level 5.9 Short Blades
 - Level 2.1 Throwing
 + Level 6.3 Dodging
 + Level 4.4 Stealth


You had 5 spell levels left.
You didn't know any spells.

Dungeon Overview and Level Annotations

Branches:
Dungeon (4/15)
 Temple: D:4-7

Altars:
Ashenzari
Nemelex Xobeh
Zin


Innate Abilities, Weirdness & Mutations

You are tiny and cannot use many weapons and most armour.
You have supernaturally acute eyesight.
You are a herbivore.
You cover ground extremely quickly.
You need consume almost no food.


Message History

The quokka barely misses you.
You hit the quokka but do no damage.
The quokka is lightly wounded.
The quokka completely misses you.
You barely miss the quokka.
The quokka is lightly wounded.
The quokka misses you.
You puncture the quokka!
You kill the quokka!
You see here a quokka corpse.
There is a stone staircase leading down here.
Found a metallic amethyst potion.
A centaur comes into view.
Found a +0 scale mail.
Found a stone staircase leading down.
You see here a metallic amethyst potion.
k - a metallic amethyst potion The centaur shouts!
The centaur wields a shortbow.
The centaur shoots an arrow.
The arrow hits you!
Ouch! That really hurt!
You die...

##..>###.###### #.
##.#.........# #.
#......####.# #.
#####...#### #.#
#.......# #.#
#.####..# #.# . #.#
#..# #.# ... #.#
#.... ####.###....>
..#
##.#.##....@.......
.##
#.#........##.....
.# .#..#.##..# ..[
.######.#..#. #..#
.
..<...............
.########..#..c..#
.## .........
..##### #.#.####.
......# #.#.####.


You could see a centaur.

Vanquished Creatures
  An ogre (D:4)
  A phantom (D:4)
  A scorpion (D:4)
  2 hounds (D:4)
  A worker ant (D:4)
  An adder (D:3)
  An adder skeleton (D:4)
  5 orcs
  4 bats
  4 goblins
  3 hobgoblins (D:1)
  4 quokkas
  4 giant cockroaches
  2 giant newts
  A jackal skeleton (D:4)
  6 kobolds
  A rat (D:3)
42 creatures vanquished.

Notes
Turn   | Place    | Note
--------------------------------------------------------------
     0 | D:1      | Goblin1989 the Spriggan Gladiator began the quest for the Orb.
     0 | D:1      | Reached XP level 1. HP: 10/10 MP: 2/2
   209 | D:1      | Reached XP level 2. HP: 15/15 MP: 3/3
   476 | D:3      | Reached skill level 1 in Stealth
   637 | D:3      | Reached XP level 3. HP: 12/18 MP: 4/4
   976 | D:3      | Found a sparkling altar of Nemelex Xobeh.
   976 | D:3      | Found a shattered altar of Ashenzari.
   981 | D:3      | Found a glowing silver altar of Zin.
   984 | D:3      | Became a worshipper of Ashenzari the Shackled
  1176 | D:4      | Reached skill level 5 in Dodging
  1176 | D:4      | Reached XP level 4. HP: 23/23 MP: 5/5
  1342 | D:4      | Noticed an ogre
  1353 | D:4      | Killed an ogre
  1353 | D:4      | Reached skill level 5 in Short Blades
  1353 | D:4      | Reached XP level 5. HP: 26/26 MP: 6/6
  1438 | D:4      | Reached skill level 6 in Dodging
  1531 | D:4      | Noticed a scorpion
  1543 | D:4      | Noticed a phantom
  1555 | D:4      | HP: 1/26 [phantom (5)]
  1567 | D:4      | Killed a phantom
  1567 | D:4      | Reached XP level 6. HP: 2/30 MP: 7/7
  1574 | D:4      | HP: 1/45 [hound (2)]
  1722 | D:4      | Noticed a centaur
  1724 | D:4      | Shot with an arrow by a centaur

Action                   |  1- 3 |  4- 6 || total
-------------------------+-------+-------++-------
Melee: Rapier            |   121 |    80 ||   201
Throw: Throwing net      |     2 |     3 ||     5
  Use: Scroll            |     3 |       ||     3
       Potion            |       |     5 ||     5
 Stab: Sleeping          |     2 |       ||     2
       Held in net/web   |     1 |     3 ||     4
       Invisible         |       |     2 ||     2
  Eat: Fruit             |       |     8 ||     8
